 Dungeon Crawl Stone Soup version 0.26-a0-6-g448add79b7 (webtiles) character file.

Game seed: 9372348556445370683, levelgen mode: deterministic

78 RaHiT the Stinger (level 4, -2/40 HPs)
             Began as a Naga Venom Mage on May 24, 2020.
             Slain by a gnoll
             ... wielding a +0 spear
              (4 damage)
             ... on level 2 of the Dungeon.
             The game lasted 00:09:52 (1445 turns).

RaHiT the Stinger (Naga Venom Mage)                 Turns: 1445, Time: 00:09:53

Health: -2/40      AC:  2    Str: 10    XL:     4   Next: 36%
Magic:  0/7        EV: 10    Int: 17    God:
Gold:   41         SH:  0    Dex: 11    Spells: 1/7 levels left

rFire    + . .     SeeInvis +   (no weapon)
rCold    x . .     Gourm    .   (no shield)
rNeg     . . .     Faith    .   a - +0 robe
rPois    +         Spirit   .   (no helmet)
rElec    .         Reflect  .   (no cloak)
rCorr    .         Harm     .   (no gloves)
MR       .....                  (no barding)
Stlth    +++.......             b - amulet of the acrobat
HPRegen  0.13/turn              f - ring of fire
MPRegen  0.10/turn              h - ring of stealth

@: short of breath, very slow
A: large, see invisible, deformed body, poison resistance, slowness 2, slow
metabolism 1, spit poison 1, AC +1
a: Spit Poison


You were on level 2 of the Dungeon.
You were hungry.

You visited 1 branch of the dungeon, and saw 2 of its levels.

You collected 41 gold pieces.

Inventory:

Missiles
 d - 6 bolts
Armour
 a - a +0 robe (worn)
Jewellery
 b - an amulet of the acrobat (around neck)
 f - a ring of fire (left hand)
 h - a ring of stealth (right hand)
 n - an uncursed ring of fire
Scrolls
 e - 2 scrolls of immolation {unknown}
 p - a scroll of identify {unknown}
Potions
 g - a potion of stabbing {unknown}
 i - a potion of brilliance {unknown}
 j - a potion of haste {unknown}
 k - 2 potions of lignification {unknown}
 l - a potion of degeneration {unknown}
 o - a potion of flight {unknown}
Comestibles
 c - 5 rations
 m - a chunk of flesh


   Skills:
 + Level 2.4 Fighting
 - Level 2.0 Dodging
 - Level 3.0 Stealth
 - Level 2.0 Spellcasting
 - Level 1.0 Transmutations
 + Level 5.3 Poison Magic


You had one spell level left.
You knew the following spells:

 Your Spells              Type           Power        Failure   Level  Hunger
a - Sting                 Tmut/Pois      ##..         5%          1    #......
b - Poisonous Vapours     Pois/Air       ##....       10%         2    ###....
c - Ignite Poison         Fire/Tmut/Pois ##......     24%         3    ###....

Your spell library contained the following spells:

 Spells                   Type           Power        Failure   Level  Hunger
 Olgreb's Toxic Radiance  Pois           ###.....     22%         4    #####..
 Mephitic Cloud           Conj/Pois/Air  #.......     28%         3    ###....


Dungeon Overview and Level Annotations

Branches:
Dungeon (2/15)

Altars:


Innate Abilities, Weirdness & Mutations

You cannot wear boots.
Your serpentine skin is tough. (AC +1)
You have supernaturally acute eyesight. (SInv)
Armour fits poorly on your strangely shaped body.
Your system is resistant to poisons. (rPois)
You cover ground very slowly.
You have a slow metabolism.
You can spit poison.


Message History

Aim: a gnoll, wielding a +0 spear (severely wounded, poisoned)
The sting hits the gnoll.
The gnoll looks even sicker.
The gnoll is almost dead.
The gnoll hits you from afar with a +0 spear.
* * * LOW HITPOINT WARNING * * *
You kill the gnoll!
You have got your breath back.
Press: ? - help, Shift-Dir - straight line, f - gnoll
Aim: a gnoll, wielding a +0 spear (almost dead)
The splash of poison misses the gnoll.
You feel slightly more hungry. The gnoll hits you but does no damage.
Casting: Sting (safe; 5% risk of failure)
Confirm with . or Enter, or press ? or * to list all spells.
Aiming: Sting (safe; 5% risk of failure)
Press: ? - help, Shift-Dir - straight line, f/p - gnoll
Aim: a gnoll, wielding a +0 spear (almost dead)
The sting hits the gnoll.
The gnoll is poisoned.
The gnoll is almost dead.
The gnoll hits you from afar with a +0 spear.
You die...

.#.# #.........# #.... .#+########
#.........# #....
...)......#######.g.......###..รท.
..........##................'....
..........##.#####)#####+#.##....
...........#.# #...# #...##.###
...........#.# #g############.#
...........#.# #.#.......# #.#
...........#.# #@#<#####.# #.###
#.....(....#.# #.#######.####....
#..........#.# #...........######
############.###########)#.#
#..............# #.#.#
#....#.###.....#######.#.#####
###....#+###....................
..........######.#######.#.#####
.............# .#.)..##.#.#


You could see a gnoll (poisoned).

Vanquished Creatures
  2 gnolls (D:2)
  An adder (D:2)
  3 dart slugs (D:1)
  3 leopard geckos
  2 giant cockroaches
  7 goblins
  3 hobgoblins
  3 kobolds
  A quokka (D:2)
  A ball python (D:2)
  7 bats (D:1)
  5 frilled lizards
  5 rats
43 creatures vanquished.

Notes
Turn   | Place    | Note
-------+----------+-------------------------------------------
     0 | D:1      | RaHiT the Naga Venom Mage began the quest for the Orb.
     0 | D:1      | Reached XP level 1. HP: 15/15 MP: 3/3
   160 | D:1      | Reached XP level 2. HP: 24/24 MP: 3/5
   167 | D:1      | Learned a level 2 spell: Poisonous Vapours
   229 | D:1      | Reached skill level 1 in Fighting
   552 | D:1      | Reached XP level 3. HP: 31/31 MP: 1/6
   557 | D:1      | Learned a level 3 spell: Ignite Poison
  1158 | D:2      | Reached skill level 5 in Poison Magic
  1424 | D:2      | Reached XP level 4. HP: 9/39 MP: 0/7
  1441 | D:2      | HP: 1/39 [gnoll/+0 spear (4)]
  1445 | D:2      | Slain by a gnoll

Illustrated notes

Levels and vault maps discovered:
D:1:      lightli_iron_boxes, layout_loops_ring
D:2:      layout_basic

Skill      XL: |  1  2  3 |
---------------+----------+-----
Fighting       | 1 2 |  2.4
Dodging        | 2 |  2.0
Poison Magic   | 5 |  5.3
Stealth        | |  3.0
Spellcasting   | |  2.0
Transmutations | |  1.0

Action                   |  1- 3 |  4- 6 || total
-------------------------+-------+-------++-------
Melee: Unarmed           |    14 |       ||    14
 Cast: Sting             |    15 |     3 ||    18
       Poisonous Vapours |    24 |       ||    24
 Abil: Spit Poison       |    11 |     4 ||    15
  Eat: Chunk             |     3 |       ||     3
Armor: Robe              |     1 |       ||     1
Dodge: Dodged            |    11 |     8 ||    19

Table legend:
 A = Non-vault XP
 B = Vault XP
 C = Vault XP percentage of total XP
 D = Non-vault monster count
 E = Vault monster count
 F = Vault count percentage of total count
                 A         B        C        D         E       F
            +---------+---------+-------+---------+---------+-------
      Total |     112 |       0 |   0.0 |      43 |       0 |   0.0
            +---------+---------+-------+---------+---------+-------
        D:1 |      46 |       0 |   0.0 |      26 |       0 |   0.0
        D:2 |      66 |       0 |   0.0 |      17 |       0 |   0.0
            +---------+---------+-------+---------+---------+-------
